 Dungeon Crawl Stone Soup version 0.17-a0-1701-gf693a3f (webtiles) character file.

93 urechis the Covert (level 4, -1/33 HPs)
             Began as a Vampire Assassin on Aug 21, 2015.
             Killed by nerve-wracking pain
             ... invoked by Grinder
              (5 damage)
             ... on level 3 of the Dungeon.
             The game lasted 00:02:48 (2704 turns).

urechis the Covert (Vampire Assassin)               Turns: 2704, Time: 00:02:49

Health: -1/33      AC:  3    Str: 10    XL:     4   Next: 36%
Magic:  4/4        EV: 12    Int: 13    God:
Gold:   140        SH:  0    Dex: 16    Spells: 0 memorised, 3 levels left

rFire  . . .     SeeInvis +     a - +2 dagger
rCold  + + .     Clarity  .     c - +0 robe
rNeg   + + +     SustAt   .     (no shield)
rPois  +         Gourm    .     (no helmet)
rElec  .         Spirit   .     d - +0 cloak
rCorr  .         Warding  .     (no gloves)
rMut   .         Stasis   .     (no boots)
MR     .....                    (no amulet)
Stlth  +++++.....               (no ring)
                                (no ring)

@: regenerating slowly, not resistant to hostile enchantments, quite stealthy
A: fangs 3, see invisible, unbreathing
a: Bat Form


You were on level 3 of the Dungeon.
You were near bloodless.

You visited 1 branch of the dungeon, and saw 3 of its levels.

You collected 140 gold pieces.

Inventory:

Hand weapons
 a - a +2 dagger (weapon)
 b - a +0 blowgun
Missiles
 e - 24 poisoned needles
 f - 2 curare-tipped needles
Armour
 c - a +0 robe (worn)
 d - a +0 cloak (worn)
Scrolls
 h - a scroll of fear {unknown}
 j - 5 scrolls of identify {unknown}
 l - a scroll of amnesia {unknown}
 n - a scroll of remove curse {unknown}
 o - a scroll of random uselessness {unknown}
Potions
 g - a potion of curing {unknown}
 i - 2 potions of beneficial mutation {unknown}
 k - a potion of might {unknown}
 m - a potion of heal wounds {unknown}


   Skills:
 - Level 1.7 Fighting
 - Level 2.1 Short Blades
 - Level 1.5 Throwing
 - Level 1.1 Dodging
 + Level 8.9 Stealth


You had 3 spell levels left.
You didn't know any spells.

Dungeon Overview and Level Annotations

Branches:
Dungeon (3/15)

Altars:

Annotations:
D:3 Grinder; urechis's ghost, average OgGl


Innate Abilities, Weirdness & Mutations

You heal slowly.
You have razor-sharp teeth.
You have supernaturally acute eyesight.
You can survive without breathing.


Message History

Grinder misses you.
You closely miss Grinder. Grinder closely misses you.
You closely miss Grinder. Grinder closely misses you.
You hit Grinder.
Grinder is lightly wounded.
Grinder hits you.
You completely miss Grinder.
Grinder is lightly wounded.
Grinder closely misses you.
You hit Grinder.
Grinder is lightly wounded.
Grinder hits you!
* * * LOW HITPOINT WARNING * * *
You hit Grinder. Your bite misses Grinder.
Grinder is lightly wounded.
Grinder hits you!
* * * LOW HITPOINT WARNING * * *
Grinder gestures at you. Pain shoots through your body!
You die...

...?. #...## #.# #..# .?#
# .....# #.# #..# ..#.##
#....###.# #.)# ......
#....##.# #..# ..#.##. #
#....##.######..# .s.....
##. #.....#.......^.#
....... .##...##.#
#.#..#####.## .##.##.
......5..# #....# #.## ..
..
###...##@###.##.####.#.##
.## .# ##.
#............###.# .#
...#####.####.####.#.##
.# ..........####.# ##.##
.. .. ..>....[.....# ###
# ##############


You could see Grinder.

Vanquished Creatures
  Ijyb (D:2)
  An adder (D:2)
  3 giant geckos
  An orc (D:3)
  9 bats
  3 giant cockroaches
  5 hobgoblins
  7 kobolds
  5 giant newts
  8 goblins
  A quokka (D:2)
  12 rats
56 creatures vanquished.

Notes
Turn   | Place    | Note
--------------------------------------------------------------
     0 | D:1      | urechis the Vampire Assassin began the quest for the Orb.
     0 | D:1      | Reached XP level 1. HP: 16/16 MP: 1/1
    35 | D:1      | Reached skill level 6 in Stealth
   801 | D:1      | Reached XP level 2. HP: 22/22 MP: 2/2
   996 | D:1      | Reached skill level 7 in Stealth
  1314 | D:2      | Reached XP level 3. HP: 19/27 MP: 3/3
  1410 | D:2      | Noticed Ijyb
  1413 | D:2      | Killed Ijyb
  1413 | D:2      | Reached skill level 8 in Stealth
  1503 | D:2      | Reached XP level 4. HP: 17/33 MP: 4/4
  1931 | D:3      | Noticed urechis's ghost (average OgGl)
  2282 | D:3      | Noticed Grinder
  2577 | D:3      | Found a faded altar to an unknown god.
  2704 | D:3      | Killed from afar by Grinder

Vault maps used:
D:1:      eino_arrival_water_cross, serial_co_window_serial, co_window_corner_a,
          co_window_corner_a, co_window_paths_b, co_window_paths_a,
          co_window_paths_a, co_window_of_opportunity_a, co_window_paths_a,
          co_window_of_opportunity_a, co_window_corner_a, co_window_corner_b,
          co_window_2corner, co_window_cross_4, glass_columns_b,
          glass_columns_c, glass_columns_a, glass_columns_a, st_stairs_9,
          solitary_fountain, minmay_newt_pond
D:2:      uniq_iyjb
D:3:      old_standard_altar, ecumenical_altar_2, uniq_grinder

Action                   |  1- 3 |  4- 6 || total
-------------------------+-------+-------++-------
Melee: Dagger            |    94 |    50 ||   144
       Short sword       |     1 |       ||     1
 Stab: Sleeping          |    17 |     7 ||    24
